 Dungeon Crawl Stone Soup version 0.31.0-32-g396128a36d (webtiles) character file.

Game seed: 14394674511203013384

2587268 RepoMan the Shapeless Cat (level 27, 210/210 HPs)
             Began as a Felid Wanderer on Mar 5, 2024.
             Was the Champion of Wu Jian.
             Escaped with the Orb
             ... and 4 runes
             ... and 1 gem (intact) on Mar 17, 2024!
             The game lasted 07:25:45 (64121 turns).

RepoMan the Shapeless Cat (Felid Wanderer)         Turns: 64121, Time: 07:25:46

Health: 210/210    AC: 18    Str: 29    XL:     27
Magic:  28/28      EV: 29    Int: 11    God:    Wu Jian [******]
Gold:   3602       SH:  0    Dex: 28    Spells: 7/32 levels left
                                        Lives:  2   Deaths: 0

rFire   + +          .
                       - Unarmed
rCold   . . .        (shield unavailable)
rNeg    + . .        (body armour unavailable)
rPois   +            (helmet unavailable)
rElec   +            (cloak unavailable)
rCorr   +            (gloves unavailable)
SInv    +            (boots unavailable)
Will    ++++.        a - amulet of regeneration
Stlth   +++          Y - ring "Hocsiutos" {rC+ rN+ rCorr Str+2 SInv}
HPRegen 1.35/turn    A - ring "Wiheit" {rElec rCorr Str+6}
MPRegen 0.21/turn

%: no passive effects
@: brilliant, dragon-form, flying, studying 2 skills, invisible
A: dragon claw, dragon scales, breathe fire, flying, boosted hp, giant, (claws
1), (fangs 3), see invisible, (shaggy fur 3), (stealthy paws), no weapons or
thrown items, no armour, multi-lived, (iridescent scales 1), clumsy 1, dopey 1,
frail 1, mutation resistance 1
0: Orb of Zot
}: 4/15 runes: decaying, slimy, silver, gossamer
a: Breathe Fire, Begin Untransformation, Renounce Religion, Wall Jump, Serpent's
Lash, Heavenly Storm


You escaped.
You worshipped Wu Jian.
Wu Jian was exalted by your worship.
You were a fearsome dragon!
You visited 12 branches of the dungeon, and saw 56 of its levels.
You visited 1 bazaar.
You visited 1 ziggurat, and saw 5 of its levels.
You also visited: Sewer, Gauntlet, Ice Cave and Wizlab.

You collected 8724 gold pieces.
You spent 5122 gold pieces at shops.

Inventory:

Jewellery
 a - an amulet of regeneration (around neck)
 v - the amulet "Wuhovi" {Spirit Harm Slay+2 SInv}
   (You found it on level 4 of the Realm of Zot)

   [amulet of guardian spirit]

   Spirit:    It causes incoming damage to be divided between your reserves of
   health and magic.
   Slay+2:    It affects your accuracy & damage with ranged weapons and melee
   (+2).
   SInv:      It lets you see invisible.
   Harm:      It increases damage dealt and taken.
 A - the ring "Wiheit" (right foreclaw) {rElec rCorr Str+6}
   (You found it on level 4 of the Realm of Zot)

   [ring of strength]

   Str+6:     It affects your strength (+6).
   rElec:     It insulates you from electricity.
   rCorr:     It protects you from acid and corrosion.
 H - the ring "Icke" {Fly rF++ rN+ MP-9 Dex+3}
   (You acquired it on level 1 of the Elven Halls)

   [ring of flight]

   Dex+3:     It affects your dexterity (+3).
   rF++:      It greatly protects you from fire.
   rN+:       It protects you from negative energy.
   MP-9:      It affects your magic capacity (-9).
   Fly:       It grants you flight.
 J - the ring of Twilight {Wiz rN+ Stlth+}
   (You found it on level 5 of a ziggurat)

   [ring of wizardry]

   Wiz:       It improves your spell success rate.
   rN+:       It protects you from negative energy.
   Stlth+:    It makes you more stealthy.
 K - the ring "Naguyhug" {rC+ Slay+3}
   (You took it off a deep elf blademaster on level 3 of the Elven Halls)

   [ring of protection from cold]

   Slay+3:    It affects your accuracy & damage with ranged weapons and melee
   (+3).
   rC+:       It protects you from cold.
 U - the ring "Faockoir" {rPois MP+9 Int+5}
   (You bought it in a shop on level 2 of the Orcish Mines)

   [ring of magical power]

   Int+5:     It affects your intelligence (+5).
   rPois:     It protects you from poison MP+9: It affects your magic capacity
   (+9).
 Y - the ring "Hocsiutos" (left foreclaw) {rC+ rN+ rCorr Str+2 SInv}
   (You found it on level 3 of the Crypt)

   [ring of positive energy]

   Str+2:     It affects your strength (+2).
   rC+:       It protects you from cold.
   rN+:       It protects you from negative energy.
   SInv:      It lets you see invisible.
   rCorr:     It protects you from acid and corrosion.
Talismans
 i - a granite talisman
 s - a talisman of death
 D - a storm talisman
 T - a dragon-blood talisman (active)
Wands
 l - a wand of roots (73)
 x - a wand of digging (42)
 y - a wand of charming (29)
 G - a wand of mindburst (40)
 L - a wand of flame (87)
 W - a wand of acid (6)
Scrolls
 d - 13 scrolls of vulnerability
 e - a scroll of blinking
 f - 28 scrolls of teleportation
 g - 8 scrolls of poison
 h - 7 scrolls of revelation
 j - 14 scrolls of amnesia
 n - 5 scrolls of torment
 o - 7 scrolls of noise
 p - 10 scrolls of immolation
 I - a scroll of acquirement
 M - 6 scrolls of fear
 O - 2 scrolls of silence
 S - a scroll of fog
 Z - a scroll of summoning
Potions
 b - 8 potions of attraction
 c - a potion of haste
 k - 17 potions of curing
 m - 4 potions of heal wounds
 q - 8 potions of brilliance
 r - 13 potions of enlightenment
 t - 3 potions of magic
 u - 4 potions of mutation
 N - 6 potions of ambrosia
 P - 2 potions of berserk rage
 R - 3 potions of resistance
 V - 5 potions of lignification
Miscellaneous
 w - a lightning rod (4/4)
 C - a sack of spiders
 E - a phantom mirror
 F - a phial of floods


   Skills:
 + Level 19.9 Fighting
 + Level 23.4 Dodging
 - Level 19.9 Stealth
 * Level 24.5 Unarmed Combat
 - Level 3.3 Spellcasting
 - Level 1.1 Conjurations
 - Level 5.5 Translocations
 - Level 3.3 Fire Magic
 - Level 2.2 Air Magic
 - Level 13.3 Alchemy
 - Level 1.0 Invocations
 - Level 3.3 Evocations
 O Level 27 Shapeshifting


You had 7 spell levels left.
You knew the following spells:

 Your Spells              Type           Power      Damage    Failure   Level
b - Blink                 Tloc           40%        N/A       4%          2
c - Cigotuvi's Dreadful   Necr/Alch/Air  38%        N/A       4%          2
g - Apportation           Tloc           40%        N/A       2%          1
i - Ignite Poison         Fire/Alch      30%        N/A       9%          4
l - Lesser Beckoning      Tloc           40%        N/A       4%          2
m - Mephitic Cloud        Conj/Alch/Air  20%        N/A       8%          3
p - Passage of Golubria   Tloc           20%        N/A       26%         4
s - Sting                 Conj/Alch      100%       1d9       1%          1
t - Olgreb's Toxic Radia  Alch           46%        N/A       1%          4
v - Mercury Vapours       Alch/Air       56%        N/A       1%          2

Your spell library contained the following spells:

 Spells                   Type           Power      Damage    Failure   Level
 Alistair's Intoxication  Alch           30%        N/A       3%          5
 Gell's Gravitas          Tloc           20%        N/A       9%          3
 Teleport Other           Tloc           20%        N/A       9%          3
 Sticky Flame             Fire/Alch      30%        2d7       9%          4
 Momentum Strike          Conj/Tloc      26%        3d8       10%         2
 Scorch                   Fire           26%        2d6       10%         2
 Foxfire                  Conj/Fire      36%        2x1d5     11%         1
 Shock                    Conj/Air       32%        1d5       13%         1
 Volatile Blastmotes      Fire/Tloc      34%        2d12      13%         3
 Magic Dart               Conj           24%        1d4       16%         1
 Eringya's Noxious Bog    Alch           23%        4d6       17%         6
 Kiss of Death            Conj/Necr      16%        2d6       21%         1
 Static Discharge         Conj/Air       16%        3-4/arc   21%         2
 Searing Ray              Conj           12%        2d4       24%         2
 Freeze                   Ice            8%         1d3       26%         1
 Necrotise                Necr           8%         1d4       26%         1
 Sandblast                Erth           4%         2d4       26%         1
 Slow                     Hex            8%         N/A       26%         1
 Summon Small Mammal      Summ           8%         N/A       26%         1
 Manifold Assault         Tloc           20%        N/A       26%         4
 Swiftness                Air            9%         N/A       30%         3
 Call Imp                 Summ           4%         N/A       36%         2
 Ensorcelled Hibernation  Hex/Ice        4%         N/A       36%         2
 Jinxbite                 Hex            4%         N/A       36%         2
 Yara's Violent Unravell  Hex/Alch       12%        3d7       43%         5
 Vhi's Electric Charge    Tloc/Air       30%        N/A       45%         4
 Dazzling Flash           Conj/Hex       8%         N/A       52%         3
 Hailstorm                Conj/Ice       4%         3d5       52%         3
 Stone Arrow              Conj/Erth      8%         3d7       52%         3
 Call Canine Familiar     Summ           2%         N/A       61%         3
 Confusing Touch          Hex            2%         N/A       61%         3
 Frozen Ramparts          Ice            4%         1d1       61%         3
 Fugue of the Fallen      Necr           2%         N/A       61%         3
 Ozocubu's Armour         Ice            2%         N/A       61%         3
 Passwall                 Erth           2%         N/A       61%         3
 Sigil of Binding         Hex            2%         N/A       61%         3
 Summon Ice Beast         Ice/Summ       2%         N/A       61%         3
 Tukima's Dance           Hex            2%         N/A       61%         3
 Vampiric Draining        Necr           2%         2d6       61%         3
 Airstrike                Air            4%         2d(1-17)  71%         4
 Flame Wave               Conj/Fire      9%         2d6       71%         4
 Summon Blazeheart Golem  Fire/Summ      8%         N/A       78%         4
 Summon Lightning Spire   Summ/Air       6%         N/A       85%         4
 Brom's Barrelling Bould  Conj/Erth      4%         2d3       90%         4
 Summon Forest            Summ/Tloc      5%         N/A       93%         5
 Anguish                  Hex/Necr       1%         N/A       95%         4
 Animate Dead             Necr           2%         N/A       95%         4
 Cause Fear               Hex            1%         N/A       95%         4
 Dispel Undead            Necr           2%         3d7       95%         4
 Martyr's Knell           Necr/Summ      2%         N/A       95%         4
 Sculpt Simulacrum        Ice/Alch       12%        N/A       95%         6
 Fireball                 Conj/Fire      4%         3d4       96%         5
 Arcjolt                  Conj/Air       4%         1d14      98%         5
 Freezing Cloud           Conj/Ice/Air   3%         6-21      99%         5
 Iskenderun's Battlesphe  Conj           6%         2d6       99%         5
 Silence                  Hex/Air        3%         N/A       99%         5
 Dispersal                Tloc           10%        N/A       99%         6
 Borgnjor's Vile Clutch   Necr/Erth      1%         N/A       100%        5
 Curse of Agony           Necr           2%         N/A       100%        5
 Lee's Rapid Deconstruct  Erth           1%         3d4*      100%        5
 Metabolic Englaciation   Hex/Ice        1%         N/A       100%        5
 Bombard                  Conj/Erth      2%         9d1       100%        6
 Conjure Ball Lightning   Conj/Air       4%         3x3d6     100%        6
 Death Channel            Necr           1%         N/A       100%        6
 Plasma Beam              Fire/Air       5%         2x1d16    100%        6
 Starburst                Conj/Fire      4%         6d4       100%        6
 Summon Cactus Giant      Summ           1%         N/A       100%        6
 Enfeeble                 Hex            1%         N/A       100%        7
 Haunt                    Necr/Summ      1%         N/A       100%        7
 Orb of Destruction       Conj           3%         9d5       100%        7
 Ozocubu's Refrigeration  Ice            1%         4d7       100%        7
 Spellforged Servitor     Conj/Summ      2%         N/A       100%        7
 Summon Hydra             Summ           1%         N/A       100%        7
 Borgnjor's Revivificati  Necr           1%         N/A       100%        8
 Disjunction              Tloc           10%        N/A       100%        8
 Ignition                 Fire           6%         3d4       100%        8
 Infestation              Necr           1%         N/A       100%        8
 Lehudib's Crystal Spear  Conj/Erth      2%         10d2      100%        8
 Maxwell's Capacitive Co  Air            4%         ∞         100%        8
 Chain Lightning          Conj/Air       4%         3d5       100%        9
 Death's Door             Necr           1%         N/A       100%        9
 Dragon's Call            Summ           1%         N/A       100%        9
 Fire Storm               Conj/Fire      4%         8d1       100%        9
 Polar Vortex             Ice            1%         N/A       100%        9
 Shatter                  Erth           1%         3d5*      100%        9
 Animate Armour           Summ/Erth      Unusable   N/A       N/A         4

Dungeon Overview and Level Annotations

Branches:
Dungeon (15/15)            Temple (1/1) D:6            Lair (5/5) D:11
  Swamp (4/4) Lair:2       Spider (4/4) Lair:3        Slime (5/5) Lair:5
    Orc (2/2) D:9             Elf (3/3) Orc:2        Vaults (5/5) D:13
  Crypt (3/3) Vaults:3       Tomb (0/3) Crypt:3      Depths (4/4) D:15
    Zot (5/5) Depths:4      Sewer (visited)           IceCv (visited)
 WizLab (visited)         Gauntlet (visited)

Altars:
Ashenzari
Cheibriados
Dithmenos
Elyvilon
Fedhas
Gozag
Hepliaklqana
Kikubaaqudgha
Makhleb
Nemelex Xobeh
Okawaru
Qazlal
Ru
Sif Muna
Trog
Uskayaw
Vehumet
Wu Jian
Xom
Yredelemnul
Zin
The Shining One
Jiyva

Shops:
D:2 *   D:9 *   Orc:2 :==*   Elf:1 *   Vaults:1 :   Vaults:2 [(!   Vaults:3 **=

Portals:
Hell: Depths:1 Depths:2 Depths:3 Depths:4
Abyss: Depths:2 Depths:3
Pandemonium: Depths:1 Depths:2


Innate Abilities, Weirdness & Mutations

You are a fearsome dragon!
You have a powerful clawing attack.
Your giant scaled body is strong and resilient, but less evasive.
You can breathe fire.
You are flying.
Your maximum health is greatly increased.
((You have sharp claws.))
((You have razor-sharp teeth.))
You have supernaturally acute eyesight. (SInv)
((Your thick and shaggy fur keeps you warm. (AC +3, rC+)))
((Your paws help you pounce on unaware monsters.))
You are incapable of wielding weapons or throwing items.
You cannot wear armour.
You gain extra lives every three experience levels.
((You are partially covered in iridescent scales. (AC +2)))
You are clumsy. (Dex -2)
You are dopey. (Int -2)
You are frail. (-10% HP)
You are somewhat resistant to further mutation.


Message History

Press: ? - help, Shift-Dir - straight line A rock wall.
This square is covered in magical glow.
The rock shatters into small pieces.
There is a stone staircase leading up here.
You fly upwards.
There is a stone staircase leading down here.
What level of the Dungeon? (default 1, ? - help) HP restored.
There is a stone staircase leading up here.
You fly upwards.
There is a stone staircase leading down here.
A Brimstone Fiend comes into view.
You start waiting.
A Brimstone Fiend is nearby!
You start waiting.
A Brimstone Fiend is nearby!
The Brimstone Fiend gestures at you.
The sphere of damnation explodes!
The damnation engulfs you!!
You lunge at the Brimstone Fiend.
You maul the Brimstone Fiend!!!!
You kill the Brimstone Fiend!
The Council accepts your kill.
There is a stone staircase leading up here.
You fly upwards.
There is a stone staircase leading down here.
HP restored.
There is an open door here.
There is an open door here.
A reaper comes into view.
It is wielding a +3 scythe of protection.
You lunge at the reaper.
You maul the reaper!!!
You tail-slap the reaper, but do no damage.
You claw the reaper!!
You kill the reaper!
The Council accepts your kill.
Blink to where?
Press: ? - help, Dir - move target
As you read the scroll of blinking, it crumbles to dust.
You fade into invisibility!
You feel clever all of a sudden.
You have escaped!

#....#♣#...........#♣#.#......
##....#♣#...........#♣#........
##.....# #..##...##..# #.....##.
#......###..##...##..# #...#.##.
#......#⌠.......)....#####...##.
#....#.#⌠............'...'......
##....#.#######'''#########......
..............#...#.......#.#.###
.#............#.D.#...........)..
.#.........#.############...#.###
.#...#.......#♣...♣ #...#.#
........##.###♣♣♣♣♣ #...#.#
............#############...#.###
.................................
#.####.###.###..##...............
#.# #.# #.# #..##..######.......
#.# #.# #.# #..##..### #..#....


There were no monsters in sight!

Vanquished Creatures
  the Royal Jelly (Slime:5)
  Khufu (Crypt:2)
  3 dread liches
  Frederick (Vaults:2)
  5 ancient liches
  5 orbs of fire
  Tiamat (Zot:2)
  Mennas (Vaults:3)
  Sojobo (Depths:2)
  Josephina (Depths:3)
  Parghit (Zot:3)
  Bai Suzhen (Vaults:2)
  Boris (twice) (Vaults:4 Depths:4)
  2 antique champions (WizLab)
  11 Killer Klowns (Zot:5)
  4 curse toes
  7 golden dragons
  Nikola (Elf:2)
  Jory (Vaults:5)
  Norris (Vaults:3)
  Arachne (Spider:2)
  A bone dragon (Crypt:3)
  5 electric golems
  3 Brimstone Fiends
  Mlioglotl (Swamp:1)
  2 Ice Fiends
  23 tentacled monstrosities
  27 Orb Guardians
  9 liches
  4 pandemonium lords
  6 titans
  2 deep elf master archers (Elf:3)
  Asterion (Vaults:2)
  6 quicksilver dragons
  A titan (shapeshifter) (Zot:3)
  6 sphinxes
  3 deep elf blademasters
  4 death cobs
  10 acid blobs
  2 Executioners (Zot:4)
  A thorn hunter (Swamp:3)
  5 ancient champions
  9 tengu reavers
  14 storm dragons
  8 shadow dragons
  Kirke (D:14)
  3 revenants
  Donald (Vaults:3)
  Roxanne (Elf:2)
  A rockslime (shapeshifter) (Zot:3)
  4 draconian monks
  9 rockslimes
  A fenstrider witch (Zig:1)
  7 azure jellies (Slime:5)
  2 emperor scorpions
  14 fire giants
  9 protean progenitors
  4 draconian scorchers
  9 draconian knights
  5 draconian shifters
  15 vault wardens
  5 deep elf sorcerers
  11 frost giants
  3 deep elf elementalists (Elf:3)
  A caustic shrike zombie (Crypt:3)
  3 iron dragons
  3 reapers
  7 draconian annihilators
  A cacodemon (D:11)
  12 ghost moths
  A balrug (Zot:5)
  A draconian stormcaller (Zot:1)
  An orc warlord (Vaults:2)
  2 curse skulls
  17 ironbound preservers
  2 spriggan defenders (Depths:2)
  A broodmother (Spider:2)
  A very ugly thing (shapeshifter) (Zot:3)
  A demonspawn blood saint (Zot:5)
  A hydra skeleton (Swamp:4)
  7 quicksilver oozes
  8 vampire knights
  16 very ugly things
  2 formless jellyfish
  7 ghouls
  18 green draconians
  13 stone giants
  9 ironbound thunderhulks
  9 black draconians
  8 deep elf annihilators
  12 deep elf death magi
  4 eleionomae
  9 deep elf demonologists
  11 yellow draconians
  16 purple draconians
  9 red draconians
  5 dire elephants
  A lorocyproca (Depths:4)
  14 white draconians
  2 demonspawn black suns
  6 bunyips
  10 spark wasps
  An eidolon (Crypt:1)
  9 ettins
  7 war gargoyles
  3 crystal guardians (Crypt:3)
  A blizzard demon (Zot:1)
  3 merfolk javelineers
  14 yaktaur captains
  2 deep elf high priests (Elf:3)
  6 jiangshi
  An entropy weaver (Spider:3)
  4 fire dragons
  3 shambling mangroves (Swamp:4)
  A fenstrider witch zombie (Crypt:2)
  Erolcha (D:10)
  6 great orbs of eyes
  A spriggan zombie (Crypt:3)
  4 rakshasas
  30 vault guards
  An ice dragon (shapeshifter) (Vaults:5)
  11 ice dragons
  A hell beast (Zot:5)
  16 hydras
  An anaconda (Zot:3)
  A juggernaut simulacrum (Depths:3)
  2 catoblepae
  A peacekeeper (Vaults:3)
  4 ogre magi
  6 ironbound frosthearts
  7 spriggan air magi
  8 alligators
  13 centaur warriors
  9 ghost crabs
  4 death knights
  7 two-headed ogres
  10 boulder beetles
  37 dancing weapons
  5 deep troll shamans
  5 deep troll earth magi
  6 jorogumos
  Erica (D:9)
  A death yak (shapeshifter) (Zot:3)
  A hell hog (Depths:4)
  5 tengu warriors
  An occultist (D:14)
  A titan zombie (Crypt:3)
  11 demonic crawlers
  4 orc high priests
  4 vampire magi
  A thrashing horror (Zig:4)
  4 spriggan berserkers
  32 hell knights
  7 soul eaters
  5 sun demons
  A storm dragon zombie (WizLab)
  An emperor scorpion zombie (Crypt:2)
  16 deep elf knights
  5 skysharks
  A fire crab (shapeshifter) (Vaults:5)
  4 iron trolls
  4 pharaoh ants
  2 sixfirhies
  37 skeletal warriors
  10 goliath frogs
  A deep troll (shapeshifter) (Vaults:5)
  12 orb spiders
  A mana viper (shapeshifter) (Vaults:5)
  5 shadow wraiths
  15 spriggan druids
  2 obsidian statues
  4 sun moths
  8 swamp dragons
  A golden dragon zombie (WizLab)
  A large abomination (Zig:4)
  9 arcanists
  13 bog bodies
  2 glowing orange brains
  40 deep trolls
  25 ironbound convokers
  A shadow demon (Zig:4)
  2 spectral hydras (Swamp:4)
  11 phantasmal warriors
  A bunyip skeleton (Crypt:3)
  An anaconda skeleton (Crypt:1)
  8 flayed ghosts
  13 necromancers
  10 lindwurms
  12 deep elf archers
  A steelbarb worm (shapeshifter) (Vaults:5)
  4 harpies
  34 deep elf pyromancers
  25 deep elf zephyrmancers
  12 orc knights
  5 steelbarb worms
  An alligator zombie (Crypt:1)
  4 starcursed masses (Zig:4)
  A sphinx simulacrum (Depths:3)
  4 oklob plants
  35 wolf spiders
  A salamander (Depths:4)
  A jorogumo zombie (Crypt:2)
  53 ugly things
  2 stone giant zombies
  5 manticores
  7 will-o-the-wisps
  Maurice (D:8)
  4 orc sorcerers (Orc:2)
  5 shining eyes
  31 moths of wrath
  6 cyclopes
  2 elf zombies
  Joseph (D:7)
  A black mamba (Lair:1)
  3 elephants
  7 meliai
  An eye of devastation (shapeshifter) (Zig:4)
  2 kobold blastminers (Orc:2)
  5 ice statues
  An orange demon (D:11)
  3 eyes of devastation
  14 vault sentinels
  3 guardian serpents (Zot:3)
  Maggie (D:8)
  A gargoyle (D:13)
  A storm dragon simulacrum (Crypt:1)
  3 apocalypse crabs (Swamp:2)
  24 cane toads
  A smoke demon (Depths:3)
  A naga skeleton (Crypt:3)
  An unseen horror (D:13)
  11 komodo dragons
  2 hellions
  11 torpor snails
  4 rime drakes
  4 efreet
  6 freezing wraiths
  An unseen horror (shapeshifter) (D:12)
  A green draconian zombie (Crypt:2)
  25 yaktaurs
  3 tengu conjurers
  An anaconda simulacrum (IceCv)
  A grey draconian skeleton (Crypt:2)
  A golden dragon simulacrum (Depths:3)
  A tormentor (D:15)
  8 ice devils
  An ancient zyme (Zig:4)
  A yellow draconian skeleton (Crypt:1)
  7 trolls
  A bloated husk (Swamp:1)
  A hydra zombie (Swamp:4)
  3 hellwings
  The ghost of dertzug the Covered, an amateur AtFi (D:5)
  22 hornets
  2 polar bears
  A sun moth zombie (Crypt:2)
  11 tyrant leeches
  25 tarantellas
  A harpy skeleton (Crypt:3)
  An ettin zombie (WizLab)
  A raiju (shapeshifter) (D:14)
  4 raiju (Zot:4)
  30 blink frogs
  2 glass eyes
  A merfolk zombie (Crypt:1)
  99 slime creatures
  A stone giant simulacrum (WizLab)
  4 air elementals
  26 jumping spiders
  22 culicivoras
  7 shadows
  39 yaks
  2 ettin skeletons
  5 wyverns
  4 vampires
  21 spriggans
  2 fire elementals
  18 water elementals
  5 wraiths
  A black mamba skeleton (Crypt:1)
  2 fire bats (Depths:4)
  6 golden eyes
  A steam dragon (Lair:5)
  2 wargs (Orc:2)
  A wind drake skeleton (Crypt:1)
  7 hogs (D:14)
  A redback simulacrum (D:14)
  17 vampire mosquitoes
  9 basilisks
  47 redbacks
  A human simulacrum (Vaults:2)
  3 naga zombies (Crypt:3)
  18 water moccasins
  A demonspawn zombie (Crypt:1)
  2 acid dragons
  6 hydra simulacra
  11 swamp worms
  2 glowing shapeshifter skeletons (Vaults:2)
  9 swamp drakes
  2 two-headed ogre skeletons (WizLab)
  A deep troll skeleton (WizLab)
  27 orc warriors
  3 sky beasts
  An ettin simulacrum (Vaults:2)
  2 black bears
  An ice beast (D:7)
  43 laughing skulls
  A tengu (shapeshifter) (Elf:3)
  A boggart (D:12)
  6 ogres
  2 swamp dragon zombies
  6 centaurs
  9 wolves
  A rime drake zombie (Crypt:1)
  A phantom (D:6)
  3 kobold brigands
  16 bullfrogs
  A cyclops zombie (WizLab)
  3 necrophages
  A yaktaur skeleton (Crypt:1)
  2 earth elementals
  4 scorpions
  4 two-headed ogre simulacra
  A deep troll simulacrum (WizLab)
  A queen bee zombie (Crypt:1)
  13 killer bees
  3 vampire bats (Lair:3)
  2 elephant simulacra (IceCv)
  2 howler monkeys
  A wolf zombie (Crypt:2)
  An electric eel (D:12)
  2 centaur zombies
  4 hounds
  4 jellies (Lair:5)
  17 orc priests
  Crazy Yiuf (D:7)
  4 iguanas
  An iron imp (Gauntlet)
  Jessica (D:3)
  A cyclops simulacrum (WizLab)
  A scorpion zombie (Crypt:1)
  2 sleepcaps
  33 orc wizards
  A hell rat (Sewer)
  2 spriggan simulacra (IceCv)
  A boggart skeleton (Crypt:2)
  2 troll simulacra (IceCv)
  2 wolf simulacra (IceCv)
  3 mummies (Crypt:2)
  Robin (D:3)
  7 gnolls
  3 swamp drake zombies (Swamp:4)
  8 adders
  A naga simulacrum (IceCv)
  4 river rats (Sewer)
  3 swamp drake skeletons (Swamp:4)
  A shadow imp (D:5)
  4 white imps
  7 ufetubi
  A lava snake skeleton (Crypt:2)
  A ribbon worm (D:5)
  5 dart slugs
  82 orcs
  10 endoplasms
  5 giant cockroaches
  10 goblins
  7 hobgoblins
  3 jackals (D:3)
  8 kobolds
  4 quokkas (D:1)
  8 ball pythons
  9 bats
  4 frilled lizards
  A hobgoblin skeleton (Crypt:2)
  12 rats
  A river rat skeleton (Crypt:1)
  9 aspiring fleshes (Zot:3)
2552 creatures vanquished.

Vanquished Creatures (collateral kills)
  An emperor scorpion (Spider:4)
  A hydra (Swamp:3)
  An orc knight (D:11)
  Jeremiah (Lair:1)
  A komodo dragon (D:11)
  An anaconda simulacrum (IceCv)
  A swamp worm (Swamp:1)
  An orc warrior (D:11)
  A wolf (Lair:5)
  A bullfrog (Lair:2)
  8 killer bees
  An electric eel (Lair:5)
  2 orc wizards
  4 orcs
25 creatures vanquished.

Vanquished Creatures (others)
  A spriggan (Swamp:1)
  A black mamba (Lair:2)
  A shadow dragon simulacrum (Depths:3)
  A hornet (Swamp:1)
  A tyrant leech (Swamp:4)
  A golden eye (Slime:5)
  9 killer bees
  A ball lightning (D:5)
  14 foxfires
30 creatures vanquished.

Grand Total: 2607 creatures vanquished

Notes
Turn   | Place    | Note
-------+----------+-------------------------------------------
     0 | D:1      | RepoMan the Felid Wanderer began the quest for the Orb.
     0 | D:1      | RepoMan set off with the following items: a wand of roots
                  | (2), a potion of attraction, a scroll of fear.
     0 | D:1      | Reached XP level 1. HP: 9/9 MP: 2/2
   391 | D:1      | Reached XP level 2. HP: 13/13 MP: 3/3
   422 | D:1      | Reached skill level 1 in Stealth
   742 | D:1      | Reached XP level 3. HP: 6/16 MP: 4/4
  1634 | D:2      | Reached XP level 4. HP: 21/21 MP: 5/5
  1634 | D:2      | Gained a life (2 lives remaining)
  1655 | D:2      | Found Upleoler's General Store.
  1664 | D:2      | Bought a potion of heal wounds for 55 gold pieces
  1852 | D:3      | Noticed Jessica
  1857 | D:3      | Killed Jessica
  1886 | D:3      | Found an opulent altar of Gozag.
  1998 | D:3      | Found a glowing drain.
  2021 | Sewer    | Entered a sewer
  2037 | Sewer    | Reached XP level 5. HP: 24/24 MP: 6/6
  2179 | Sewer    | Reached skill level 5 in Unarmed Combat
  2390 | D:3      | Noticed Robin
  2422 | D:3      | Killed Robin
  2584 | D:3      | Found a glowing golden altar of the Shining One.
  2707 | D:3      | Gained mutation: You are covered in thick fur. (AC +2)
                  | [Felid growth]
  2707 | D:3      | Reached XP level 6. HP: 26/28 MP: 7/7
  2856 | D:3      | Found a shadowy altar of Dithmenos.
  4317 | D:2      | Bought a scroll of revelation for 82 gold pieces
  4317 | D:2      | Bought a potion of lignification for 33 gold pieces
  4361 | D:5      | Entered Level 5 of the Dungeon
  4416 | D:5      | Found a transporter.
  4417 | D:5      | Noticed a komodo dragon
  4420 | D:5      | Noticed a water moccasin
  4421 | D:5      | Found a transporter.
  4421 | D:5      | Noticed dertzug's ghost (amateur AtFi)
  4565 | D:5      | Noticed Eustachio
  4613 | D:5      | Reached XP level 7. HP: 32/32 MP: 8/8
  4694 | D:5      | Reached skill level 1 in Fighting
  5221 | D:5      | Reached XP level 8. HP: 23/39 MP: 9/9
  5383 | D:5      | Eustachio changed into Eustachio the bat
  5383 | D:5      | Noticed Eustachio
  5384 | D:5      | Killed Eustachio the bat
  5628 | D:7      | Noticed an angel
  5628 | D:7      | Noticed Joseph
  5628 | D:7      | Found a shimmering altar of Xom.
  5628 | D:7      | Found a glowing silver altar of Zin.
  5713 | D:7      | Killed Joseph
  6083 | D:6      | Reached XP level 9. HP: 36/46 MP: 10/10
  6093 | D:6      | Reached skill level 10 in Unarmed Combat
  6219 | D:6      | Found a staircase to the Ecumenical Temple.
  6228 | Temple   | Entered the Ecumenical Temple
  6258 | Temple   | Became a worshipper of the Wu Jian Council
  6414 | D:6      | Reached skill level 5 in Fighting
  6448 | D:6      | Found a hazy altar of Hepliaklqana.
  6709 | D:7      | Found a runed translucent door.
  6710 | D:7      | Noticed Crazy Yiuf
  6716 | D:7      | Killed Crazy Yiuf
  6751 | D:7      | Noticed a purple ugly thing
  6797 | D:7      | Found a stormy altar of Qazlal.
  6862 | D:7      | Found a shimmering blue altar of Sif Muna.
  6862 | D:7      | Found a white marble altar of Elyvilon.
  7198 | D:7      | Reached * piety under Wu Jian
  7357 | D:7      | Noticed a troll
  7361 | D:7      | Killed a troll
  7737 | D:8      | Reached XP level 10. HP: 35/53 MP: 11/11
  7825 | D:8      | Reached skill level 10 in Dodging
  7859 | D:8      | Noticed Maggie
  7872 | D:8      | Found a broken altar of Ashenzari.
  7909 | D:8      | Your ally Maggie died
  8323 | D:8      | Noticed Maurice
  8325 | D:8      | Maurice stole 227 gold
  8326 | D:8      | Maurice stole 93 gold
  8347 | D:8      | Killed Maurice
  8347 | D:8      | Reached ** piety under Wu Jian
  8663 | D:9      | Found a staircase to the Orcish Mines.
  8756 | D:9      | Noticed a two-headed ogre
  8757 | D:9      | Noticed Erica
  8769 | D:9      | Killed Erica
  8771 | D:9      | Killed a two-headed ogre
  8972 | D:9      | Found Jiatiu's Overcharged Wands.
  9098 | D:9      | Found an ancient bone altar of Kikubaaqudgha.
  9470 | D:9      | Reached XP level 11. HP: 59/59 MP: 12/12
  9558 | D:10     | Entered Level 10 of the Dungeon
  9909 | D:10     | Noticed Erolcha
 10057 | D:10     | Reached *** piety under Wu Jian
 10255 | D:10     | Noticed a two-headed ogre
 10460 | D:11     | Found a shimmering altar of Xom.
 10544 | D:11     | Identified the staff "Astre" {rElec Str+4 Int-5 Stlth+ Air}
 10682 | D:11     | Found a gate leading to a gauntlet.
 10691 | Gauntlet | Entered a Gauntlet
 10691 | Gauntlet | Noticed an arcanist
 10691 | Gauntlet | Found a transporter.
 10691 | Gauntlet | Found a transporter.
 10693 | Gauntlet | Found a transporter.
 10694 | Gauntlet | Found a transporter.
 10696 | Gauntlet | Found a transporter.
 10697 | Gauntlet | Noticed a necromancer
 10705 | Gauntlet | Found a transporter.
 10706 | Gauntlet | Found a transporter.
 10707 | Gauntlet | Found a transporter.
 10709 | Gauntlet | Found a transporter.
 10711 | Gauntlet | Noticed a soul eater
 10716 | Gauntlet | Found a transporter.
 10716 | Gauntlet | Found a transporter.
 10872 | Gauntlet | Identified the amulet of Votaxabbe {Acrobat Str+2}
 10955 | Gauntlet | Noticed a minotaur
 11146 | D:11     | Reached skill level 1 in Shapeshifting
 11250 | D:11     | Reached skill level 2 in Shapeshifting
 11423 | D:11     | Reached skill level 3 in Shapeshifting
 11467 | D:11     | Noticed an orc knight
 11488 | D:11     | Killed an orc knight
 11507 | D:11     | Noticed an orc knight
 11563 | D:11     | Killed an orc knight
 11564 | D:11     | Reached skill level 4 in Shapeshifting
 11733 | D:11     | Noticed a centaur warrior
 11735 | D:11     | Found a hazy altar of Hepliaklqana.
 11748 | D:11     | Killed a centaur warrior
 11748 | D:11     | Reached **** piety under Wu Jian
 11898 | D:11     | Found a staircase to the Lair.
 12052 | D:2      | Bought a book of Cantrips for 176 gold pieces
 12052 | D:2      | Bought 2 scrolls of immolation for 88 gold pieces
 12054 | D:2      | Learned a level 1 spell: Apportation
 12232 | Lair:1   | Entered Level 1 of the Lair of Beasts
 12243 | Lair:1   | Upgraded the game from 0.31.0-12-g77e489cdc1 to
                  | 0.31.0-32-g396128a36d
 12260 | Lair:1   | Noticed Jeremiah
 12276 | Lair:1   | Killed Jeremiah
 12277 | Lair:1   | Gained mutation: Your thick and shaggy fur keeps you warm.
                  | (AC +3, rC+) [Felid growth]
 12277 | Lair:1   | Reached XP level 12. HP: 57/67 MP: 13/13
 12297 | Lair:1   | Found a hazy altar of Hepliaklqana.
 12316 | Lair:1   | Reached skill level 5 in Shapeshifting
 12658 | Lair:1   | Reached skill level 6 in Shapeshifting
 12840 | Lair:1   | Reached skill level 7 in Shapeshifting
 13306 | Lair:2   | Reached skill level 8 in Shapeshifting
 13417 | Lair:2   | Reached skill level 9 in Shapeshifting
 13420 | Lair:2   | Reached ***** piety under Wu Jian
 13731 | Lair:2   | Reached skill level 10 in Shapeshifting
 13731 | Lair:2   | Reached XP level 13. HP: 38/72 MP: 14/14
 14218 | Lair:2   | Found a staircase to the Swamp.
 14424 | Lair:3   | Reached skill level 10 in Fighting
 14542 | Lair:3   | Reached skill level 11 in Shapeshifting
 14714 | Lair:3   | Found a hole to the Spider Nest.
 15492 | Lair:4   | Reached skill level 5 in Stealth
 15934 | Lair:5   | Entered Level 5 of the Lair of Beasts
 15934 | Lair:5   | Found a staircase to the Slime Pits.
 16337 | Lair:5   | Reached XP level 14. HP: 58/77 MP: 15/15
 16593 | Lair:5   | Got the Annotations on the Boggart
 16627 | Lair:5   | Got the Incunabulum of Venin and Cold
 16633 | Lair:5   | Noticed Sonja
 16646 | Lair:5   | Sonja changed into Sonja the sky beast
 16646 | Lair:5   | Noticed Sonja
 16653 | Lair:5   | Killed Sonja the sky beast
 16786 | Lair:5   | Reached ****** piety under Wu Jian
 17038 | Lair:5   | Learned a level 3 spell: Mephitic Cloud
 17043 | Lair:5   | Learned a level 4 spell: Olgreb's Toxic Radiance
 17048 | Lair:5   | Learned a level 4 spell: Ignite Poison
 17150 | Lair:2   | Reached skill level 1 in Alchemy
 17309 | Lair:2   | Reached skill level 1 in Spellcasting
 17309 | Lair:2   | Reached skill level 1 in Conjurations
 17309 | Lair:2   | Reached skill level 1 in Air Magic
 17404 | Orc:1    | Entered Level 1 of the Orcish Mines
 17548 | Orc:2    | Entered Level 2 of the Orcish Mines
 17557 | Orc:2    | Found a flickering gateway to a bazaar.
 17643 | Orc:2    | Found a staircase to the Elven Halls.
 17710 | Bazaar   | Entered a bazaar
 17722 | Bazaar   | Found Laham's Assorted Antiques.
 17742 | Bazaar   | Found Qaguotz's Magic Scroll Shoppe.
 17751 | Bazaar   | Found Koadiju's Weapon Shop.
 17760 | Bazaar   | Found Tiah's Armour Emporium.
 17779 | Bazaar   | Found Zemp's General Store.
 17917 | Bazaar   | Bought a phial of floods for 640 gold pieces
 17917 | Bazaar   | Bought a scroll of fear for 64 gold pieces
 17917 | Bazaar   | Bought 2 fizzy yellow potions for 28 gold pieces
 17917 | Bazaar   | Bought a scroll labelled LEAPSYNAHA for 16 gold pieces
 17917 | Bazaar   | Bought a smoky cyan potion for 14 gold pieces
 17935 | Bazaar   | Bought a scroll of identify for 24 gold pieces
 17935 | Bazaar   | Bought a scroll of identify for 24 gold pieces
 17935 | Bazaar   | Bought a scroll of identify for 24 gold pieces
 17935 | Bazaar   | Bought a scroll of blinking for 90 gold pieces
 17935 | Bazaar   | Bought a scroll of fear for 48 gold pieces
 17935 | Bazaar   | Bought a scroll of teleportation for 36 gold pieces
 17972 | Bazaar   | Bought a scroll of revelation for 112 gold pieces
 18054 | Orc:2    | Found Pugar's Jewellery Boutique.
 18074 | Orc:2    | Reached skill level 5 in Alchemy
 18085 | Orc:2    | Found Mihoarat's Jewellery Emporium.
 18087 | Orc:2    | Found Jaxt's General Store.
 18106 | Orc:2    | Found Kabolaem's Book Emporium.
 18128 | Orc:2    | Bought a scroll of identify for 30 gold pieces
 18688 | Orc:2    | Bought a potion of mutation for 120 gold pieces
 18688 | Orc:2    | Bought a scroll of identify for 30 gold pieces
 18806 | D:12     | Reached skill level 1 in Translocations
 18855 | D:12     | Reached skill level 1 in Fire Magic
 18889 | D:12     | Found a frozen archway.
 18895 | IceCv    | Entered an ice cave
 19375 | IceCv    | Noticed a reaper
 19380 | IceCv    | Killed a reaper
 19864 | D:12     | Noticed a fire giant
 19920 | D:12     | Killed a fire giant
 19970 | D:12     | Noticed a tengu reaver
 19979 | D:12     | Killed a tengu reaver
 20015 | D:12     | Identified the ring "Uses" {rPois Str+2}
 20015 | D:12     | Noticed a tengu reaver
 20019 | D:12     | Killed a tengu reaver
 20019 | D:12     | Reached XP level 15. HP: 81/81 MP: 17/17
 20125 | D:12     | Noticed a tengu reaver
 20130 | D:12     | Killed a tengu reaver
 20867 | D:13     | Found a gate to the Vaults.
 21081 | D:13     | Reached skill level 10 in Alchemy
 21284 | D:13     | Identified the +0 cloak of Yboic {rElec}
 21678 | D:14     | Reached skill level 15 in Unarmed Combat
 21780 | D:14     | Reached skill level 12 in Shapeshifting
 21797 | D:14     | You fall into a shaft and drop 1 floor!
 21797 | D:15     | Entered Level 15 of the Dungeon
 22474 | D:14     | Noticed Kirke
 22492 | D:14     | Killed Kirke
 23249 | D:15     | Found a staircase to the Depths.
 23276 | D:15     | Noticed an emperor scorpion
 23294 | D:15     | Killed an emperor scorpion
 23444 | D:15     | Reached XP level 16. HP: 72/87 MP: 20/20
 23613 | Orc:2    | Bought a scroll of fear for 60 gold pieces
 23613 | Orc:2    | Bought a potion of curing for 45 gold pieces
 23788 | Spider:1 | Entered Level 1 of the Spider Nest
 23842 | Spider:1 | Learned a level 1 spell: Sting
 23845 | Spider:1 | Learned a level 2 spell: Mercury Vapours
 23848 | Spider:1 | Learned a level 2 spell: Cigotuvi's Dreadful Rot
 25584 | Spider:2 | Noticed Arachne
 26179 | Spider:2 | Killed Arachne
 26861 | Spider:3 | Reached skill level 15 in Dodging
 27230 | Spider:3 | Reached XP level 17. HP: 93/93 MP: 7/22
 27745 | Spider:4 | Entered Level 4 of the Spider Nest
 27936 | Spider:4 | Paralysed by a jorogumo for 3 turns
 28957 | Spider:4 | Got a gossamer rune of Zot
 28993 | Spider:4 | Reached skill level 13 in Shapeshifting
 29311 | Orc:2    | Bought the ring "Faockoir" {rPois MP+9 Int+5} for 583 gold
                  | pieces
 29510 | Swamp:1  | Entered Level 1 of the Swamp
 29752 | Swamp:1  | Noticed Mlioglotl
 29772 | Swamp:1  | Killed Mlioglotl
 30423 | Swamp:2  | Identified the +1 dagger "Ketiet" {holy, rPois rN+ Str-3}
 30576 | Swamp:2  | Found a runed translucent door.
 31155 | Swamp:3  | Reached XP level 18. HP: 99/99 MP: 13/23
 31618 | Swamp:3  | Found an ancient bone altar of Kikubaaqudgha.
 31975 | Swamp:3  | Identified the +4 barding of Veerarph {Str+5 Dex+3}
 31995 | Swamp:4  | Entered Level 4 of the Swamp
 32302 | Swamp:4  | HP: 2/100 [phantasmal warrior (34)]
 32825 | Swamp:4  | Found a blossoming altar of Fedhas.
 33188 | Swamp:4  | Learned a level 2 spell: Lesser Beckoning
 33237 | Swamp:4  | Got a decaying rune of Zot
 33258 | Swamp:4  | Found a basalt altar of Yredelemnul.
 33727 | Elf:1    | Entered Level 1 of the Elven Halls
 34361 | Elf:1    | Found Jaocwuel's General Store.
 34514 | Elf:1    | Identified a scroll of acquirement
 34517 | Elf:1    | Acquired the ring "Icke" {Fly rF++ rN+ MP-9 Dex+3}
 34820 | Elf:2    | Reached XP level 19. HP: 105/105 MP: 24/24
 34862 | Elf:2    | Learned a level 4 spell: Passage of Golubria
 35024 | Elf:2    | Reached skill level 14 in Shapeshifting
 35065 | Elf:2    | Found a runed translucent gate.
 35066 | Elf:2    | Found a runed translucent gate.
 35066 | Elf:2    | Found a runed translucent gate.
 35111 | Elf:2    | Noticed Nikola
 35112 | Elf:2    | Noticed Roxanne
 35344 | Elf:3    | Entered Level 3 of the Elven Halls
 36241 | Elf:3    | Identified the ring of Peavamo {rCorr Str+3 Stlth+}
 36365 | Elf:3    | Identified the +2 great mace of the Thing {venom, rElec rC-
                  | Dex+6}
 36510 | Elf:3    | Identified the +7 great mace of Cetaampi {flame, *Rage
                  | rPois Str+4 Dex+4}
 36671 | Elf:3    | Identified the ring "Naguyhug" {rC+ Slay+3}
 36837 | Elf:3    | Identified the +6 glaive "Opolus" {venom, rCorr Str-5
                  | Dex+4}
 37304 | Elf:3    | Identified the +1 war axe "Acenech" {flame, Will+ Str+2}
 37313 | Elf:3    | Found the -2 hat of the Alchemist {rElec rPois rF+ rC+ rN+
                  | Will+ rMut rCorr}
 37325 | Elf:3    | Identified the ring of Uhuaf {rN+ Int+6}
 37417 | Elf:3    | Got Sif Muna's Spellbook of the Creative Chill
 37423 | Elf:3    | Got the Monograph on Ironbound Damage
 37453 | Elf:3    | Identified the +7 chain mail "Seast" {*Slow rPois MP+9
                  | SInv}
 37494 | Elf:3    | Identified the +0 pair of gloves of Courage {Harm rPois rC+
                  | Regen+}
 37505 | Elf:3    | Identified the +9 ice dragon scales "Quseewko" {rF- rC++
                  | Dex+2}
 37906 | Vaults:1 | Entered Level 1 of the Vaults
 37916 | Vaults:1 | Reached skill level 10 in Stealth
 38001 | Vaults:1 | Identified the ring of Impatience {MP+9 Dex+3} (You found
                  | it on level 1 of the Vaults)
 38493 | Vaults:1 | Found Haco's Book Emporium.
 38771 | Vaults:1 | Reached XP level 20. HP: 103/112 MP: 12/25
 39349 | Vaults:1 | Reached skill level 15 in Fighting
 39383 | Vaults:2 | Found Wieghus's Weapon Emporium.
 39655 | Vaults:2 | Identified the orb of Unomegisu {*channel, rPois}
 39655 | Vaults:2 | Noticed Frederick
 39685 | Vaults:2 | Killed Frederick
 39803 | Vaults:2 | Noticed Asterion
 39812 | Vaults:2 | Killed Asterion
 40529 | Vaults:2 | Noticed Bai Suzhen
 40540 | Vaults:2 | Killed Bai Suzhen
 40648 | Vaults:2 | Found Dydev's Distillery.
 40837 | Vaults:2 | Bought a potion of resistance for 160 gold pieces
 40837 | Vaults:2 | Bought a potion of curing for 48 gold pieces
 40837 | Vaults:2 | Bought a potion of enlightenment for 80 gold pieces
 40837 | Vaults:2 | Bought a potion of curing for 48 gold pieces
 40837 | Vaults:2 | Bought 2 potions of curing for 96 gold pieces
 40837 | Vaults:2 | Bought a potion of might for 64 gold pieces
 40837 | Vaults:2 | Bought a potion of curing for 48 gold pieces
 40837 | Vaults:2 | Bought a potion of haste for 160 gold pieces
 40977 | Vaults:2 | Found Citaylut's Armour Shoppe.
 41259 | Vaults:3 | Reached skill level 15 in Shapeshifting
 41338 | Vaults:3 | Found Ewausm's Assorted Antiques.
 41342 | Vaults:3 | Bought a potion of haste for 300 gold pieces
 41342 | Vaults:3 | Bought a potion of curing for 90 gold pieces
 41342 | Vaults:3 | Bought 2 potions of curing for 180 gold pieces
 41361 | Vaults:3 | Noticed Donald
 41367 | Vaults:3 | Killed Donald
 41646 | Vaults:3 | Found Joir's Jewellery Shop.
 41763 | Vaults:3 | Noticed Mennas
 41770 | Vaults:3 | Killed Mennas
 42244 | Vaults:3 | Found a staircase to the Crypt.
 42340 | Vaults:3 | Noticed Norris
 42341 | Vaults:3 | Killed Norris
 42470 | Vaults:3 | Reached XP level 21. HP: 109/119 MP: 6/26
 42730 | Vaults:3 | Found Xurchy Jolo's General Store.
 43045 | Vaults:4 | Noticed Boris
 43058 | Vaults:4 | Killed Boris
 44104 | Crypt:1  | Entered Level 1 of the Crypt
 44354 | Crypt:1  | Reached skill level 16 in Shapeshifting
 44370 | Crypt:1  | Reached skill level 15 in Stealth
 45057 | Crypt:2  | Noticed Khufu
 45165 | Crypt:2  | Found a magical portal.
 45200 | WizLab   | Entered Zonguldrok's Shrine
 45485 | WizLab   | Noticed an antique champion
 45485 | WizLab   | Noticed an antique champion
 45489 | WizLab   | Killed an antique champion
 45496 | WizLab   | Killed an antique champion
 45578 | WizLab   | Identified the +10 tower shield "Iteutiob" {Int+6}
 45676 | Crypt:2  | Reached XP level 22. HP: 123/123 MP: 18/27
 45748 | Crypt:2  | Killed Khufu
 46107 | Crypt:3  | Entered Level 3 of the Crypt
 46682 | Crypt:3  | Found a staircase to the Tomb.
 46794 | Crypt:3  | Identified the ring "Huuteaw" {rN+ Will+ Stlth+}
 46794 | Crypt:3  | Identified the ring "Hocsiutos" {rC+ rN+ rCorr Str+2 SInv}
 47143 | Crypt:3  | Found an ancient bone altar of Kikubaaqudgha.
 47181 | Crypt:3  | Got the Elucidation of Shadows
 47215 | Crypt:3  | Noticed a dread lich
 47218 | Crypt:3  | Paralysed by a dread lich for 2 turns
 47225 | Crypt:3  | Killed a dread lich
 47461 | Depths:1 | Entered Level 1 of the Depths
 47533 | Depths:1 | Found a one-way gate leading to the halls of Pandemonium.
 47557 | Depths:1 | Found Difeam's Distillery.
 47564 | Depths:1 | Bought a potion of heal wounds for 115 gold pieces
 47564 | Depths:1 | Bought a potion of might for 92 gold pieces
 47564 | Depths:1 | Bought a potion of curing for 69 gold pieces
 47564 | Depths:1 | Bought a potion of curing for 69 gold pieces
 47564 | Depths:1 | Bought 2 potions of mutation for 368 gold pieces
 47564 | Depths:1 | Bought a potion of haste for 230 gold pieces
 47564 | Depths:1 | Bought a potion of enlightenment for 115 gold pieces
 47564 | Depths:1 | Bought a potion of ambrosia for 184 gold pieces
 47564 | Depths:1 | Bought a potion of cancellation for 184 gold pieces
 47605 | Depths:1 | Reached skill level 17 in Shapeshifting
 47754 | Depths:1 | Reached skill level 5 in Translocations
 47969 | Depths:1 | Found a shadowy altar of Dithmenos.
 48083 | Depths:1 | Found a gateway to Hell.
 48284 | Depths:2 | Found a one-way gate to the infinite horrors of the Abyss.
 48443 | Depths:2 | Identified the storm talisman of Tonael {Will++ Int-4
                  | Dex+4}
 48443 | Depths:2 | Noticed Sojobo
 48454 | Depths:2 | Killed Sojobo
 48946 | Depths:2 | Identified the +6 falchion "Ehoid" {spect, Int+4}
 48952 | Depths:2 | Learned a level 2 spell: Blink
 49156 | Depths:2 | Found a one-way gateway to a ziggurat.
 49169 | Depths:2 | Reached XP level 23. HP: 130/130 MP: 19/28
 49728 | Depths:3 | Identified the ring of Tynidgh {Ice Will++}
 49728 | Depths:3 | Noticed Josephina
 50095 | Depths:3 | Killed Josephina
 50298 | Depths:3 | Found a hazy altar of Hepliaklqana.
 50376 | Depths:3 | HP: 9/196 [frost giant/bolt of cold (25)]
 50815 | Depths:3 | You are sucked into a shaft and drop 1 floor!
 50815 | Depths:4 | Entered Level 4 of the Depths
 51144 | Depths:4 | Noticed Boris
 51170 | Depths:4 | Killed Boris
 51184 | Depths:4 | Reached skill level 18 in Shapeshifting
 51884 | Depths:4 | Found a gate to the Realm of Zot.
 52442 | Slime:1  | Entered Level 1 of the Pits of Slime
 52485 | Slime:1  | Gained mutation: You have hidden genetic defects. [a
                  | shining eye]
 52489 | Slime:1  | Lost mutation: You have hidden genetic defects. [potion of
                  | mutation]
 52489 | Slime:1  | Gained mutation: You are weak. (Str -2) [potion of
                  | mutation]
 52489 | Slime:1  | Gained mutation: You have hidden genetic defects. [potion
                  | of mutation]
 52490 | Slime:1  | Lost mutation: You are weak. (Str -2) [potion of mutation]
 52490 | Slime:1  | Lost mutation: You have hidden genetic defects. [potion of
                  | mutation]
 52490 | Slime:1  | Gained mutation: Your mind is acute. (Int +4, Str/Dex -1)
                  | [potion of mutation]
 52490 | Slime:1  | Gained mutation: You passively dampen the noise of your
                  | surroundings. [potion of mutation]
 52490 | Slime:1  | Gained mutation: You have hidden genetic defects. [potion
                  | of mutation]
 52490 | Slime:1  | Gained mutation: You are robust. (+10% HP) [potion of
                  | mutation]
 52491 | Slime:1  | Lost mutation: You have hidden genetic defects. [potion of
                  | mutation]
 52491 | Slime:1  | Lost mutation: Your mind is acute. (Int +4, Str/Dex -1)
                  | [potion of mutation]
 52491 | Slime:1  | Lost mutation: You are robust. (+10% HP) [potion of
                  | mutation]
 52491 | Slime:1  | Gained mutation: You are partially covered in iridescent
                  | scales. (AC +2) [potion of mutation]
 52491 | Slime:1  | Gained mutation: You possess an exceptional clarity of
                  | mind. [potion of mutation]
 52499 | Slime:1  | Reached XP level 24. HP: 137/137 MP: 19/28
 52616 | Slime:3  | Gained mutation: You are clumsy. (Dex -2) [a shining eye]
 52623 | Slime:3  | Gained mutation: You are very clumsy. (Dex -4) [a shining
                  | eye]
 52679 | Slime:5  | Entered Level 5 of the Pits of Slime
 52795 | Slime:5  | Noticed the Royal Jelly
 52807 | Slime:5  | Found a viscous altar of Jiyva.
 52838 | Slime:5  | Killed the Royal Jelly
 52879 | Slime:5  | Got a starry gem with 197 turns to spare
 52881 | Slime:5  | Got a slimy rune of Zot
 52946 | Slime:5  | Identified the +1 robe of Eternal Night {Harm Will- Str-2
                  | Int+7}
 53356 | Zot:1    | Entered Level 1 of the Realm of Zot
 53651 | Zot:1    | Reached skill level 19 in Shapeshifting
 54379 | Zot:2    | Noticed an orb of fire
 54384 | Zot:2    | Killed an orb of fire
 54441 | Zot:2    | Found the +4 dragonskin cloak
 54441 | Zot:2    | Noticed Tiamat
 54465 | Zot:2    | Killed Tiamat
 55382 | Zot:3    | Reached skill level 20 in Shapeshifting
 55518 | Zot:3    | Reached XP level 25. HP: 144/144 MP: 0/28
 55821 | Zot:3    | Gained mutation: You are weak. (Str -2) [a shining eye]
 56075 | Zot:3    | Noticed Parghit
 56105 | Zot:3    | Killed Parghit
 56340 | Zot:3    | You are sucked into a shaft and drop 1 floor!
 56407 | Zot:4    | Found a transporter.
 56503 | Zot:4    | Found a radiant altar of Vehumet.
 56715 | Zot:4    | Found a transporter.
 56783 | Zot:4    | Reached skill level 21 in Shapeshifting
 57381 | Zot:4    | Paralysed by a Zot trap for 3 turns
 57440 | Zot:4    | Identified the amulet "Wuhovi" {Spirit Harm Slay+2 SInv}
 57453 | Zot:4    | Identified the ring "Wiheit" {rElec rCorr Str+6}
 57459 | Zot:4    | Identified the ring of the Morning {Str+6 Dex+4}
 57470 | Zot:4    | Lost mutation: You are weak. (Str -2) [potion of mutation]
 57470 | Zot:4    | Lost mutation: You are partially covered in iridescent
                  | scales. (AC +2) [potion of mutation]
 57470 | Zot:4    | Lost mutation: You passively dampen the noise of your
                  | surroundings. [potion of mutation]
 57470 | Zot:4    | Gained mutation: You occasionally lose the ability to drink
                  | potions when taking damage. [potion of mutation]
 57470 | Zot:4    | Gained mutation: You are frail. (-10% HP) [potion of
                  | mutation]
 57470 | Zot:4    | Gained mutation: You are occasionally teleported next to
                  | monsters. [potion of mutation]
 57471 | Zot:4    | Lost mutation: You possess an exceptional clarity of mind.
                  | [potion of mutation]
 57471 | Zot:4    | Lost mutation: You are occasionally teleported next to
                  | monsters. [potion of mutation]
 57471 | Zot:4    | Lost mutation: You are frail. (-10% HP) [potion of
                  | mutation]
 57471 | Zot:4    | Gained mutation: You are frail. (-10% HP) [potion of
                  | mutation]
 57471 | Zot:4    | Gained mutation: Your mind is acute. (Int +4, Str/Dex -1)
                  | [potion of mutation]
 57477 | Zot:4    | Lost mutation: You occasionally lose the ability to drink
                  | potions when taking damage. [potion of mutation]
 57477 | Zot:4    | Lost mutation: Your mind is acute. (Int +4, Str/Dex -1)
                  | [potion of mutation]
 57477 | Zot:4    | Lost mutation: You are very clumsy. (Dex -4) [potion of
                  | mutation]
 57477 | Zot:4    | Gained mutation: You are partially covered in iridescent
                  | scales. (AC +2) [potion of mutation]
 57477 | Zot:4    | Gained mutation: You are dopey. (Int -2) [potion of
                  | mutation]
 57477 | Zot:4    | Gained mutation: You are somewhat resistant to further
                  | mutation. [potion of mutation]
 57494 | Zot:5    | Entered Level 5 of the Realm of Zot
 57824 | Zot:5    | Noticed an orb of fire
 57824 | Zot:5    | Noticed a Killer Klown
 57824 | Zot:5    | Noticed a Killer Klown
 57824 | Zot:5    | Noticed an ancient lich
 57824 | Zot:5    | Noticed a Killer Klown
 57824 | Zot:5    | Noticed a Killer Klown
 57825 | Zot:5    | Killed a Killer Klown
 57826 | Zot:5    | Killed an orb of fire
 57839 | Zot:5    | Noticed a Killer Klown
 57842 | Zot:5    | Killed a Killer Klown
 58095 | Zot:5    | Reached skill level 22 in Shapeshifting
 58158 | Zot:5    | Killed a Killer Klown
 58169 | Zot:5    | Killed a Killer Klown
 58248 | Zot:5    | Got the Annotations on Exothermic Necromancy
 58273 | Zot:5    | Killed an ancient lich
 58275 | Zot:5    | Noticed an orb of fire
 58281 | Zot:5    | Killed a Killer Klown
 58281 | Zot:5    | Killed an orb of fire
 58281 | Zot:5    | Reached XP level 26. HP: 135/135 MP: 28/28
 58496 | Zot:5    | Reached skill level 23 in Shapeshifting
 58602 | Zot:5    | Noticed an orb of fire
 58603 | Zot:5    | Noticed an orb of fire
 58612 | Zot:5    | Killed an orb of fire
 58621 | Zot:5    | Killed an orb of fire
 58718 | Zot:5    | Acquired 944 gold pieces
 58740 | Zot:5    | Noticed an ancient lich
 58746 | Zot:5    | Killed an ancient lich
 58758 | Zot:5    | Noticed an ancient lich
 58766 | Zot:5    | Killed an ancient lich
 59392 | Vaults:5 | Entered Level 5 of the Vaults
 59405 | Vaults:5 | Noticed Jory
 59412 | Vaults:5 | Reached skill level 24 in Shapeshifting
 59417 | Vaults:5 | Killed Jory
 59625 | Vaults:5 | Identified the +1 robe of the Valley {+Blink rPois Str+3
                  | Dex+4}
 59772 | Vaults:5 | Noticed an ancient lich
 59774 | Vaults:5 | Noticed a dread lich
 59782 | Vaults:5 | Killed a dread lich
 59789 | Vaults:5 | Killed an ancient lich
 59816 | Vaults:5 | Reached skill level 25 in Shapeshifting
 59822 | Vaults:5 | Noticed a dread lich
 59826 | Vaults:5 | Killed a dread lich
 59960 | Vaults:5 | Found the +8 whip "Snakebite" {venom, curare, rPois}
 60151 | Vaults:5 | Reached XP level 27. HP: 140/140 MP: 28/28
 60229 | Vaults:5 | Identified the +4 short sword of Dim Light {flame, rF+
                  | Dex+3}
 60510 | Vaults:5 | Got a silver rune of Zot
 61021 | Zig:1    | Entered Level 1 of a ziggurat
 61038 | Zig:2    | Entered Level 2 of a ziggurat
 61072 | Zig:2    | Identified the +6 plate armour of Pathos {Int+4}
 61077 | Zig:3    | Entered Level 3 of a ziggurat
 61098 | Zig:4    | Entered Level 4 of a ziggurat
 61188 | Zig:5    | Entered Level 5 of a ziggurat
 61200 | Zig:5    | Reached skill level 26 in Shapeshifting
 61209 | Zig:5    | Identified the ring of Twilight {Wiz rN+ Stlth+}
 61471 | D:5      | Killed dertzug's ghost
 61680 | D:10     | Killed Erolcha
 61895 | Elf:2    | Killed Nikola
 61913 | Elf:2    | Killed Roxanne
 63406 | Zot:5    | Got the Orb of Zot
 63439 | Zot:5    | Noticed Ustrywe Kaukk the pandemonium lord
 63454 | Zot:5    | Killed Ustrywe Kaukk the pandemonium lord
 63543 | Zot:4    | Noticed Narypet the pandemonium lord
 63546 | Zot:4    | Killed Narypet the pandemonium lord
 63630 | Zot:1    | Noticed Atadel the pandemonium lord
 63630 | Zot:1    | Noticed an ancient lich
 63630 | Zot:1    | Killed an ancient lich
 63630 | Zot:1    | Killed Atadel the pandemonium lord
 63756 | Depths:1 | Noticed Faro the pandemonium lord
 63759 | Depths:1 | Killed Faro the pandemonium lord
 63760 | Depths:1 | Reached skill level 27 in Shapeshifting
 63949 | D:5      | Noticed Lygi the pandemonium lord
 64121 | D:$      | Escaped with the Orb!

Illustrated notes

Levels and vault maps discovered:
D:1:      beargit_arrival_diablo_church, layout_basic
D:2:      layout_basic, serial_shops, shop
D:3:      layout_loops_ring, grunt_gozag_breadcrumbs, tso_altar,
          marbit_many_paths, portal_sewer_entry_b, serial_rivers,
          chequers_serial_rivers_room_b, chequers_serial_rivers_room_b,
          chequers_serial_rivers_micro_e, chequers_serial_rivers_small_3,
          chequers_serial_rivers_marsh, chequers_serial_rivers_marsh,
          uniq_jessica, uniq_robin
D:4:      layout_loops_corners, kennysheep_cross_bottleneck, minivault_19
D:5:      layout_loops_ring, gammafunk_ghost_arena, uniq_eustachio
D:6:      layout_cave_pods, mainiacjoe_overflow_paths, minmay_temple_entry_trees
D:7:      layout_basic, grunt_temple_overflow_order_and_chaos_1,
          grunt_temple_overflow_open, uniq_crazy_yiuf_cottage, uniq_joseph
D:8:      layout_loops_ring, amcnicky_altar_gilded, uniq_maurice, uniq_maggie
D:9:      layout_rooms, nicolae_kikubaaqudgha_miasma_corner,
          amcnicky_mini_corridor_feature, chequers_serial_rivers_large_a,
          hangedman_decor_riveting, nicolae_shop_overcharged_wands, uniq_erica
D:10:     layout_irregular_city, uniq_erolcha
D:11:     layout_cave_pools, grunt_lair_entry_orc_guard_hut,
          serial_column_ruins, column_ruins_circle_medium,
          column_ruins_hut_ruined, column_ruins_open_tiny_water,
          column_ruins_corridor_corner, column_ruins_open_medium,
          column_ruins_open_tiny, column_ruins_open_tiny,
          column_ruins_columns_dead_end, column_ruins_open_small,
          gauntlet_entry_generic, hangedman_feature_mirror,
          lightli_church_of_beogh
D:12:     cross_vault, layout_basic, portal_ice_cave_entry_pillars_2,
          minivault_28
D:13:     layout_loops_ring, hellmonk_vaults_order_and_chaos
D:14:     layout_cave_pools, minivault_27, minmay_holes, uniq_kirke
D:15:     hangedman_depths_entry_try_elsewhere_first, layout_gridville,
          minmay_misc_feat_ornament, nicolae_titane
Temple:   minmay_temple_curvy_loop
Lair:1:   layout_big_grid, basic_altar, grunt_megastairs_3, uniq_jeremiah
Lair:2:   layout_roguey, mainiacjoe_swamp_entry_angry_trees,
          minmay_shattered_shrine, serial_bayou_shore_b
Lair:3:   layout_hall_layers, hellmonk_spider_entry_life_and_decay,
          roderic_batcave, grunt_megastairs_5
Lair:4:   layout_cave_pods, dreamdust_wasp_nest
Lair:5:   minmay_lair_end_frog_pond, layout_gridlike,
          nicolae_slime_entry_slimehenge, uniq_sonja
Swamp:1:  layout_basic_swamp, evilmike_swamp_ruin_house_1, uniq_mlioglotl
Swamp:2:  gammafunk_mikee_crab_dinner, layout_basic_swamp,
          hangedman_swamp_blocks
Swamp:3:  layout_basic_swamp, evilmike_swamp_ruin_house_3, grunt_ruined_hall,
          infiniplex_staircase_pool_2
Swamp:4:  byrel_swamp_growth_death_and_undeath, layout_basic_swamp,
          swamp_pool_5, water_boxes_lemuel
Spider:1: layout_spider_delve, nicolae_spider_nooks_and_crannies
Spider:2: layout_spider_delve, nicolae_arachne_temple
Spider:3: layout_chambers, hangedman_spider_tarantella_strand, uniq_arachne
Spider:4: johnstein_spider_rune_arachne_lair, drop_trap
Slime:1:  layout_caves, nicolae_slime_phagocytosis
Slime:2:  layout_caves
Slime:3:  cheibrodos_slime_lost_civilization_8, layout_caves
Slime:4:  layout_caves
Slime:5:  slime_pit_nicolae_jellycorners
Orc:1:    layout_caves, blackcustard_mines_bat_river, uniq_snorg
Orc:2:    st_orc_elflike, layout_caves, serial_shops, bzr_entry_customers,
          basic_altar, regret_index_minedec_devilstone, mines3_lemuel
Elf:1:    layout_loops_cross, serial_shops, nicolae_shop_rolling_square,
          hangedman_elven_crosses_minicolossus, nicolae_elf_big_sculpture_3
Elf:2:    nicolae_elf_blades_crystal_corner, layout_geoelf_diagonals,
          uniq_nikola, uniq_roxanne
Elf:3:    grunt_elf_hall_diamonds, layout_loops_ring
Vaults:1: nicolae_vaults_little_guard_posts, nicolae_vaults_more_shelving_2,
          nicolae_vaults_little_squares_4, nicolae_vaults_big_angled_halls,
          nicolae_vaults_spaceships, nicolae_vaults_network_star,
          nicolae_vaults_closet_pinwheel_6, nicolae_vaults_diamond_2,
          vaults_room_door_ring, nicolae_vaults_sightless_eye,
          ontoclasm_vaults_misaligned, ontoclasm_vaults_twist,
          nicolae_vaults_apartment_1, hangedman_vaults_nails,
          nicolae_vaults_tetromino_Z_1, layout_vaults_ring, serial_shops,
          nicolae_shop_gibbet_a_chance
Vaults:2: v_alt_pattern_1, v_misc_29, nicolae_vaults_security_offices_6,
          nicolae_vaults_theta, v_pattern_3,
          nicolae_vaults_taking_the_gang_shopping, hangedman_vaults_impose,
          grunt_vaults_funnel, nicolae_vaults_tetromino_L_1,
          layout_vaults_quadrants, serial_shops, shop,
          nicolae_shop_just_a_little_nook, uniq_bai_suzhen, uniq_frederick,
          uniq_asterion
Vaults:3: ontoclasm_vaults_ring_large, nicolae_vaults_diamond_1,
          nicolae_vaults_big_ls, minmay_crypt_entry_simple_box,
          ontoclasm_vaults_hangar, vaults_mumra_bighexcomb,
          nicolae_vaults_big_angled_halls, vaults_room_door_hall, v_rooms_1,
          nicolae_vaults_little_squares_1, layout_vaults_chaotic_city,
          serial_shops, shop, shop, nicolae_shop_hallway_stairs, uniq_mennas,
          uniq_donald, uniq_norris
Vaults:4: hangedman_vaults_unwind, vaults_standard_mumra_enter_the_diamond,
          vaults_mumra_lcd, v_misc_27, hangedman_vaults_corner, st_more_cells,
          v_misc_29, nicolae_vaults_diagonal_hallway_8,
          nicolae_vaults_apartment_2, hangedman_vaults_impose,
          hangedman_vaults_cutoff, layout_vaults_big_cross, uniq_boris
Vaults:5: uniq_jory
Crypt:1:  layout_gridlike, grunt_megastairs_1
Crypt:2:  layout_rooms, infiniplex_enter_wizlab_glasses, uniq_khufu
Crypt:3:  cryptofortress_bobbens, uniq_margery
Depths:1: layout_roguey, patterned_corridor, hell_entry, serial_shops,
          nicolae_shop_tiny_statue_garden, pan_entry,
          grunt_dithmenos_smoke_and_mirrors, roderic_lattice_octagonal_star
Depths:2: minmay_haunted_quarter, layout_gridville, enter_ziggurat_b,
          chequers_hall_statues_wall_a, hangedman_abyss_entry_splay, pan_entry,
          hangedman_tar_grid_catacomb, st_stairs_4,
          infiniplex_staircase_zigzag_1, uniq_sojobo
Depths:3: grunt_house_of_mirrors, layout_long_grid, hellmouth_3,
          nzn_hepliaklqana_mist_gate, abyss_entry, lightli_minifort,
          infiniplex_staircase_zigzag_2, uniq_josephina
Depths:4: grunt_zot_entry_pinwheel, layout_basic, nicolae_figureground_pulse,
          hellmouth_1, st_stairs_3, serial_bayou_lake_a
Zot:1:    layout_cellular_growth, grunt_megastairs_2
Zot:2:    layout_basic, uniq_tiamat
Zot:3:    nicolae_zot_draconian_monastery, layout_gridlike,
          regret_index_zotdec_silver_v_v_loose, hellmonk_formless_pools,
          uniq_parghit
Zot:4:    gammafunk_its_a_trap, layout_gridville, regret_index_zotdec_iron_s
Zot:5:    layout_basic, regret_index_zotdec_stipple_waver, grunt_ministairs_15

Skill      XL: |  1  2  3  4  5  6  7  8  9 10 11 12 13 14 15 16 17 18 19 20 21 22 23 24 25 26 27 |
---------------+----------------------------------------------------------------------------------+-----
Stealth        | 1 2 3 6 8 9 11 13 16 18 19 | 19.9
Unarmed Combat | 3 4 5 7 8 9 11 12 13 14 15 16 17 19 20 21 22 23 24 | 24.5
Fighting       | 2 4 6 7 9 10 11 12 13 14 15 16 17 19 | 19.9
Dodging        | 6 8 9 11 12 13 14 15 16 17 18 19 20 21 22 23 | 23.4
Shapeshifting  | 4 10 11 12 13 14 15 16 17 18 20 22 25 27 | 27.0
Alchemy        | 8 10 12 13 | 13.3
Spellcasting   | 1 2 3 |  3.3
Conjurations   | 1 |  1.1
Air Magic      | 1 2 |  2.2
Translocations | 1 2 3 5 |  5.5
Fire Magic     | 2 3 |  3.3
Invocations    | |  1.0
Evocations     | |  3.3

Action                     |  1- 3 |  4- 6 |  7- 9 | 10-12 | 13-15 | 16-18 | 19-21 | 22-24 | 25-27 || total
---------------------------+-------+-------+-------+-------+-------+-------+-------+-------+-------++-------
  Melee: Unarmed           |    87 |   177 |   252 |   763 |  1080 |  1070 |  1178 |  1293 |   972 ||  6872
         Bite              |    10 |    22 |    28 |   111 |   161 |   164 |   186 |   211 |   122 ||  1015
         Punch             |     1 |     6 |    18 |    45 |   120 |   133 |   197 |   232 |   171 ||   923
         Tailslap          |       |       |       |       |       |       |   118 |   282 |   185 ||   585
   Cast: Apportation       |       |       |       |     4 |       |     6 |     5 |     3 |     5 ||    23
         Olgreb's Toxic Ra |       |       |       |       |    22 |   143 |    70 |    31 |    17 ||   283
         Mephitic Cloud    |       |       |       |       |    27 |    40 |    70 |     6 |     1 ||   144
         Mercury Vapours   |       |       |       |       |       |    21 |       |       |       ||    21
         Sting             |       |       |       |       |       |    52 |     1 |       |       ||    53
         Ignite Poison     |       |       |       |       |       |    25 |    20 |     7 |     4 ||    56
         Cigotuvi's Dreadf |       |       |       |       |       |     1 |       |       |       ||     1
         Lesser Beckoning  |       |       |       |       |       |     6 |     5 |     6 |    13 ||    30
 Invoke: Serpent's Lash    |       |       |       |     8 |    24 |    30 |    13 |    20 |    14 ||   109
         Heavenly Storm    |       |       |       |       |     1 |       |       |     2 |       ||     3
Ability: Lunge             |       |       |     7 |    71 |   180 |   146 |   178 |   202 |   153 ||   937
         Whirlwind         |       |       |     1 |    51 |   143 |   120 |   121 |   222 |   123 ||   781
         Wall Jump         |       |       |       |     8 |    18 |    13 |    21 |    17 |    10 ||    87
         Breathe Fire      |       |       |       |       |       |       |    11 |    10 |     5 ||    26
  Evoke: Wand              |     2 |     4 |    20 |    27 |    48 |    21 |     3 |     4 |     8 ||   137
         Lightning rod     |       |       |       |     6 |    15 |     5 |     1 |       |       ||    27
         Sack of spiders   |       |       |       |     3 |     1 |     3 |     2 |       |       ||     9
         Phantom mirror    |       |       |       |     2 |     2 |     3 |     2 |       |       ||     9
         Phial of floods   |       |       |       |       |     1 |     3 |     2 |     1 |     1 ||     8
    Use: Scroll            |     4 |     3 |     3 |    11 |    17 |    12 |     3 |     6 |    10 ||    69
         Potion            |       |     4 |     4 |     9 |     6 |    15 |     5 |    25 |     8 ||    76
   Stab: Sleeping          |    12 |     9 |     8 |     4 |    27 |    26 |    60 |    48 |    33 ||   227
         Betrayed ally     |       |       |       |     2 |       |       |       |       |       ||     2
         Distracted        |       |       |       |     2 |    11 |    11 |    14 |    22 |    12 ||    72
         Confused          |       |       |       |       |    19 |    26 |    55 |     5 |     4 ||   109
         Invisible         |       |       |       |       |       |       |       |    14 |       ||    14
 Armour: Skin              |    13 |    44 |    76 |   167 |   141 |   263 |   210 |   329 |   287 ||  1530
  Dodge: Dodged            |    53 |   108 |   197 |   522 |   660 |   983 |   578 |   552 |   389 ||  4042
   Form: Flux              |       |       |       |     1 |       |       |       |       |       ||     1
         Blade             |       |       |       |       |     1 |       |       |       |       ||     1
         Dragon            |       |       |       |       |       |       |     1 |     1 |       ||     2
         Storm             |       |       |       |       |       |       |       |     1 |       ||     1
